 Dungeon Crawl Stone Soup version 0.32-a0-360-gcd93b57ba1 (webtiles) character file.

Game seed: 10376995935169652289

282 Goblin1989 the Shooter (level 6, -7/44 HPs)
             Began as a Coglin Hunter on Feb 18, 2024.
             Was an Initiate of Gozag.
             Mangled by an iguana (10 damage)
             ... on level 4 of the Dungeon.
             The game lasted 00:08:30 (2963 turns).

Goblin1989 the Shooter (Coglin Hunter)              Turns: 2963, Time: 00:08:31

Health: -7/44      AC:  9    Str: 14    XL:     6   Next: 28%
Magic:  5/5        EV:  9    Int:  8    God:    Gozag
Gold:   145        SH:  0    Dex: 17    Spells: 5/5 levels left

rFire   . . .        a - +0 shortbow (flame) {Zorawar}
rCold   . . .        (shield currently unavailable)
rNeg    . . .        i - +1 scale mail
rPois   .            (no helmet)
rElec   .            v - +0 cloak
rCorr   .            (no gloves)
SInv    .            l - +0 pair of boots
Will    .....        (no amulet) Stlth
                     (no ring)
HPRegen 0.27/turn    (no ring)
MPRegen 0.09/turn

%: no passive effects
@: mighty, revved, stiff-legged, very slow
A: off-hand wielding, slow wielding, warmup strikes, warmup strides, low MP 1
a: Renounce Religion, Potion Petition, Call Merchant, Bribe Branch


You were on level 4 of the Dungeon.
You worshipped Gozag.
Gozag was aware of your devotion.
You visited 2 branches of the dungeon, and saw 5 of its levels.

You collected 193 gold pieces.
You paid 48 gold pieces to Gozag.

Inventory:

Hand Weapons
 a - a +0 shortbow of flaming (weapon) {Zorawar}
Armour
 i - a +1 scale mail (worn)
 l - a +0 pair of boots (worn)
 v - a +0 cloak (worn)
Jewellery
 d - a +6 ring of intelligence
 o - the ring of the Ubiquitous God {rCorr Int+2}
   (You found it on level 2 of the Dungeon)

   [ring of resist corrosion]

   Int+2:     It affects your intelligence (+2).
   rCorr:     It protects you from acid and corrosion.
 q - the amulet "Wyewehim" {Acrobat Harm rPois MP+9}
   (You found it on level 2 of the Dungeon)

   [amulet of the acrobat]

   Acrobat:   It increases your evasion while moving and waiting.
   rPois:     It protects you from poison MP+9: It affects your magic capacity
   (+9).
   Harm:      It increases damage dealt and taken.
Scrolls
 b - a scroll of butterflies
 e - a scroll of immolation
 m - a scroll of teleportation
 w - a scroll of noise {unknown}
Potions
 f - a potion of attraction
 g - a potion of magic
 k - a potion of resistance {@q5}
 t - a potion of heal wounds {unknown}
 u - a potion of cancellation {unknown}


   Skills:
 - Level 2.0 Fighting
 + Level 6.7 Ranged Weapons
 - Level 1.7 Dodging
 - Level 0.7 Stealth


You had 5 spell levels left.
You didn't know any spells.
Your spell library was empty.

Dungeon Overview and Level Annotations

Branches:
Dungeon (4/15) Zot: 20828  Temple (1/1) D:4 Zot: 5982

Altars:
Ashenzari
Dithmenos
Elyvilon
Fedhas
Gozag
Makhleb
Okawaru
Sif Muna
Trog
Uskayaw
Wu Jian
Xom
Zin
The Shining One

Shops:
D:3 !


Innate Abilities, Weirdness & Mutations

You can wield a second weapon in your off-hand.
It takes a long time for you to wield or remove held weapons.
Your first few attacks do less damage.
Your first movements take longer.
Your magical capacity is low. (-10% MP)


Message History

You shoot an arrow. The arrow hits the adder.
The arrow burns the adder.
The adder is moderately wounded.
The adder bites you but does no damage. The adder closely misses you.
Fire: a) +0 shortbow (flame) {Zorawar}
Press: ? - help, Q - select action, (/) - cycle Shift-Dir - straight line, f/p - adder
Aim: an adder (moderately wounded, 48% to hit)
You shoot an arrow. The arrow barely misses the adder.
The adder bites you but does no damage.
Fire: a) +0 shortbow (flame) {Zorawar}
Press: ? - help, Q - select action, (/) - cycle Shift-Dir - straight line, f/p - adder
Aim: an adder (moderately wounded, 48% to hit)
You shoot an arrow. The arrow closely misses the adder.
The adder bites you but does no damage. The adder bites you.
* * * LOW HITPOINT WARNING * * *
You are poisoned.
The adder poisons you!
You take 2 damage, and have 8/44 hp.
Fire: a) +0 shortbow (flame) {Zorawar}
Press: ? - help, Q - select action, (/) - cycle Shift-Dir - straight line, f/p - adder
Aim: an adder (moderately wounded, 48% to hit)
You shoot an arrow.
The arrow hits the adder but does no damage.
The adder is moderately wounded.
You feel sick.
The adder bites you but does no damage. x2
You take 2 damage, and have 6/44 hp.
Fire: a) +0 shortbow (flame) {Zorawar}
Press: ? - help, Q - select action, (/) - cycle Shift-Dir - straight line, f/p - adder
Aim: an adder (moderately wounded, 48% to hit)
You shoot an arrow. The arrow barely misses the adder.
You feel sick.
The adder bites you but does no damage. x2
You take 1 damage, and have 5/44 hp.
Fire: a) +0 shortbow (flame) {Zorawar}
Press: ? - help, Q - select action, (/) - cycle Shift-Dir - straight line, f/p - adder
Aim: an adder (moderately wounded, 48% to hit)
You shoot an arrow. The arrow hits the adder!
The arrow burns the adder.
You kill the adder!
You feel sick.
You take 1 damage, and have 4/44 hp.
Fire: a) +0 shortbow (flame) {Zorawar}
Press: ? - help, Q - select action, (/) - cycle Shift-Dir - straight line, f - you
Okay, then.
You feel sick.
You are no longer poisoned.
You now have enough gold to buy 2 potions of heal wounds on D:3.
You can access your shopping list by pressing '$'.
You now have 145 gold pieces (gained 7).
You take 1 damage, and have 3/44 hp.
An iguana comes into view.
The iguana hisses angrily.
Fire: a) +0 shortbow (flame) {Zorawar}
Press: ? - help, Q - select action, (/) - cycle Shift-Dir - straight line, f - iguana
Aim: an iguana (68% to hit)
You shoot an arrow. The arrow closely misses the iguana.
Okay, then.
It was a potion of mutation.
You feel extremely strange.
You feel less energetic.
The iguana bites you but does no damage.
You now have 5/5 mp.
Unknown command.
It was a potion of curing.
You feel better. The iguana barely misses you.
You regained 10 hp, and now have 16/44 hp.
Fire: a) +0 shortbow (flame) {Zorawar}
Press: ? - help, Q - select action, (/) - cycle Shift-Dir - straight line, f - iguana
Aim: an iguana (68% to hit)
You shoot an arrow. The arrow barely misses the iguana.
The iguana barely misses you. The iguana bites you.
* * * LOW HITPOINT WARNING * * *
You take 3 damage, and have 13/44 hp.
Fire: a) +0 shortbow (flame) {Zorawar}
Press: ? - help, Q - select action, (/) - cycle Shift-Dir - straight line, f/p - iguana
Aim: an iguana (68% to hit)
You shoot an arrow. The arrow barely misses the iguana.
The iguana barely misses you.
Fire: a) +0 shortbow (flame) {Zorawar}
Press: ? - help, Q - select action, (/) - cycle Shift-Dir - straight line, f/p - iguana
Aim: an iguana (68% to hit)
You shoot an arrow.
The arrow hits the iguana but does no damage.
The iguana completely misses you.
Fire: a) +0 shortbow (flame) {Zorawar}
Press: ? - help, Q - select action, (/) - cycle Shift-Dir - straight line, f/p - iguana
Aim: an iguana (68% to hit)
You shoot an arrow. The arrow hits the iguana.
The arrow burns the iguana.
The iguana is lightly wounded.
The iguana barely misses you. x2
Fire: a) +0 shortbow (flame) {Zorawar}
Press: ? - help, Q - select action, (/) - cycle Shift-Dir - straight line, f/p - iguana
Aim: an iguana (lightly wounded, 68% to hit)
You shoot an arrow. The arrow closely misses the iguana.
The iguana bites you!
* * * LOW HITPOINT WARNING * * *
You take 11 damage, and have 3/44 hp.
MASSIVE DAMAGE!!
Fire: a) +0 shortbow (flame) {Zorawar}
Press: ? - help, Q - select action, (/) - cycle Shift-Dir - straight line, f/p - iguana
Aim: an iguana (lightly wounded, 68% to hit)
You shoot an arrow. The arrow hits the iguana.
The arrow burns the iguana.
The iguana is heavily wounded.
The iguana bites you!
You die...
Your body crumbles into a pile of gold.

███ .█ ..█ █.██ █.█ ... ███ █.█
..█ ██████.. █████████.█
..████...██.█ █.....██..█
.........██.█
..........██████████[█ █...██.█
....≈§...█......@l...█ █......)
♣..≈≈...████...............███..
♣♣........█ █.█████████████.█
██. ..........█...█ █.█ █.
...⌂..██....███ █.█ █.
≈.....██..███ ██████████.█ █.
≈.........█ █.......██.█ █.
...██....██ █.█████.██.█ ..
...██....█ █.█ █.██.██.█.


You could see an iguana.

Vanquished Creatures
  A scorpion (D:4)
  An orc priest (D:4)
  4 adders
  A shadow imp (D:4)
  A dart slug (D:1)
  3 ribbon worms
  5 orcs
  10 ball pythons
  10 endoplasms
  5 giant cockroaches
  10 hobgoblins
  4 jackals (D:3)
  8 kobolds
  3 quokkas
  5 bats
  6 rats
77 creatures vanquished.

Notes
Turn   | Place    | Note
-------+----------+-------------------------------------------
     0 | D:1      | Goblin1989 the Coglin Hunter began the quest for the Orb.
     0 | D:1      | Reached XP level 1. HP: 16/16 MP: 1/1
   223 | D:1      | Reached skill level 4 in Ranged Weapons
   223 | D:1      | Reached XP level 2. HP: 22/22 MP: 2/2
   460 | D:1      | Reached XP level 3. HP: 27/27 MP: 3/3
  1256 | D:2      | Identified the ring of the Ubiquitous God {rCorr Int+2}
  1461 | D:2      | Reached skill level 5 in Ranged Weapons
  1461 | D:2      | Reached XP level 4. HP: 33/33 MP: 4/4
  1642 | D:2      | Identified the amulet "Wyewehim" {Acrobat Harm rPois MP+9}
  1897 | D:3      | Found a blossoming altar of Fedhas.
  1912 | D:3      | Found a faded altar of an unknown god.
  2221 | D:3      | Reached XP level 5. HP: 38/38 MP: 5/5
  2383 | D:3      | Found Ryamp's Distillery.
  2676 | D:4      | Reached skill level 6 in Ranged Weapons
  2761 | D:4      | Found a staircase to the Ecumenical Temple.
  2769 | Temple   | Entered the Ecumenical Temple
  2778 | Temple   | Became a worshipper of Gozag Ym Sagoz the Greedy
  2865 | D:4      | Found an ornate altar of the Wu Jian Council.
  2911 | D:4      | Reached XP level 6. HP: 6/44 MP: 6/6
  2914 | D:4      | HP: 2/44 [poisoned by a scorpion]
  2956 | D:4      | Gained mutation: Your magical capacity is low. (-10% MP)
                  | [potion of mutation]
  2963 | D:4      | Mangled by an iguana

Illustrated notes

Levels and vault maps discovered:
D:1:      nagdon_arrival_double_spiral, layout_basic, feat_on_display
D:2:      layout_loops_corners
D:3:      layout_basic, fedhas_ov_isle_minmay, ebering_ecumenical_altar_rust,
          serial_shops, nicolae_shop_just_a_little_nook
D:4:      layout_loops_ring, nicolae_wu_jian_wuxing_cycle,
          minmay_temple_entry_glassed_door, gammafunk_ghost_grave,
          portal_sewer_entry_c
Temple:   nicolae_temple_x_marks_the_god

Skill      XL: |  1  2  3  4  5 |
---------------+----------------+-----
Ranged Weapons | 4 5 6 |  6.7
Fighting       | |  2.0
Dodging        | |  1.7
Stealth        | |  0.7

Action                     |  1- 3 |  4- 6 || total
---------------------------+-------+-------++-------
   Fire: Shortbow          |    90 |   193 ||   283
    Use: Scroll            |       |     9 ||     9
         Potion            |       |     3 ||     3
 Armour: Leather armour    |    11 |       ||    11
         Scale mail        |    21 |   120 ||   141
  Dodge: Dodged            |    22 |    66 ||    88

Table legend: (Time is in decaauts)
 A = Elapsed time spent in this place.
 B = Non-inter-level travel time spent in this place.
 C = Inter-level travel time spent in this place.
 D = Time resting spent in this place.
 E = Time spent auto-exploring this place.
 F = Levels seen in this place.
 G = Mean time per level.
                   A        B        C        D        E       F      G
               +--------+--------+--------+--------+--------+-----+--------+
         Total |   3187 |   2959 |    228 |      0 |   2029 |   5 |  637.4 |
       Dungeon |   3170 |   2949 |    221 |      0 |   2029 |   4 |  792.5 |
        Temple |     17 |     10 |      7 |      0 |      0 |   1 |   17.0 |
               +--------+--------+--------+--------+--------+-----+--------+

Top non-repeatable levels by time:
     D:2: 993 daAuts
     D:1: 980 daAuts
     D:3: 705 daAuts
     D:4: 491 daAuts
  Temple: 17 daAuts
